[Event "*** Titled Tuesday Blitz"]
[Site "Chess.com"]
[Date "2021.03.02"]
[Round "2"]
[White "PavelChernomordik"]
[Black "aljado"]
[Result "1-0"]
[WhiteElo "2390"]
[BlackElo "2084"]
[TimeControl "180+1"]
[EndTime "10:18:28 PST"]
[Termination "PavelChernomordik won on time"]

1. e4 c5 2. Nc3 e6 3. f4 d5 4. Nf3 Nc6 5. Bb5 Nf6 6. e5 Nd7 7. O-O Be7 8. d3 Qb6 9. Kh1 a6 10. Ba4 Qc7 11. Bb3 b5 12. Bxd5 exd5 13. Nxd5 Qd8 14.
Qe2 O-O 15. c4 Bb7 16. e6 fxe6 17. Qxe6+ Kh8 18. Bd2 Nf6 19. Ng5 bxc4 20. dxc4 Qd6 21. Nxe7 Qxe7 22. Qh3 Nd4 23. Rae1 Qc7 24. f5 Rae8 25.
Ne6 Nxe6 26. fxe6 Re7 27. Bg5 Qc6 28. Rf2 Rfe8 29. Rxf6 gxf6 30. Bxf6+ Rg7 31. Bxg7+ Kxg7 32. Qg3+ Kf8 33. Rf1+ Ke7 34. Qg7+ Kd8 35. Rd1+ Kc8 36. Qd7+ Kb8 37. Qxc6 Bxc6 38. Re1 Kc7 39. Kg1 Kd6 40.
Kf2 Rxe6 41. Rd1+ Ke7 42. Rd3 Rf6+ 43. Kg3 Rg6+ 44. Kf4 Rxg2 45. Rh3 Kd6 46. Rh6+ 1-0

[Event "*** Titled Tuesday Blitz"]
[Site "Chess.com"]
[Date "2021.03.02"]
[Round "2"]
[White "SergeyShtyka"]
[Black "Matols"]
[Result "1/2-1/2"]
[WhiteElo "2455"]
[BlackElo "2262"]
[TimeControl "180+1"]
[EndTime "10:18:29 PST"]
[Termination "Game drawn by repetition"]

1. e4 e6 2. Nf3 d5 3. e5 c5 4. b4 cxb4 5. a3 Nc6 6. axb4 Bxb4 7. c3 Bf8 8. d4 Nge7 9. Bd3 Nf5 10. Bxf5 exf5 11.
O-O Be7 12. Ba3 O-O 13. Bxe7 Qxe7 14. Na3 Be6 15. Nb5 f6 16. Re1 fxe5 17. Nxe5 a6 18. Na3 Nxe5 19. Rxe5 Qd7 20. Qd2 f4 21. Rae1 Rae8 22.
f3 Qd6 23. Nc2 Bd7 24. Nb4 Rxe5 25. Rxe5 Bc6 26. Nd3 Qf6 27. Nb4 Rd8 28. Qa2 Qd6 29. Qd2 Qf6 30. h3 a5 31. Nd3 a4 32. Nxf4 a3 33.
Ne6 Re8 34. Qe1 a2 35. Nc5 Rxe5 36. dxe5 Qe7 37. Nb3 Qa3 38. Na1 Qc5+ 39. Kh2 d4 40. cxd4 Qxd4 41. e6 Qd6+ 42. Kh1 Kf8 43. Qe2 Bd5 44. Qd2 Qxe6 45. Qf4+ Ke7 46. Qc7+ Qd7 47. Qe5+ Kf7 48. Qf4+ Kg8 49. Kh2 b5 50. Qb8+ Kf7 51.
Qf4+ Ke7 52. Qe5+ Kf8 53. Qf4+ Ke7 54. Qe5+ Kd8 55. Qb8+ Ke7 56. Qe5+ 1/2-1/2

[Event "*** Titled Tuesday Blitz"]
[Site "Chess.com"]
[Date "2021.03.02"]
[Round "2"]
[White "Kozok"]
[Black "Grineva_Marianna"]
[Result "1-0"]
[WhiteElo "2443"]
[BlackElo "2221"]
[TimeControl "180+1"]
[EndTime "10:18:29 PST"]
[Termination "Kozok won by checkmate"]

1. e4 c5 2. Nf3 d6 3. d4 cxd4 4. Nxd4 Nf6 5. Nc3 g6 6. Bg5 Bg7 7. Qd2 h6 8. Bh4 Nc6 9. Nxc6 bxc6 10. O-O-O Qa5 11. f3 Be6 12. Kb1 Rb8 13. b3 Qa3 14. Ne2 Nxe4 15. Qc1 Qxc1+ 16. Kxc1 Nc5 17. Nd4 Bd7 18. Bc4 e5 19. Rhe1 g5 20. Bf2 O-O 21.
Nxc6 Bxc6 22. Rxd6 Bb5 23. Bxc5 Bxc4 24. bxc4 Rfc8 25.
Bxa7 Ra8 26. Rd7 Rxc4 27. Re4 Rc6 28. Rb4 Bf8 29. Rbb7 Rf6 30. c4 Rc8 31. Rbc7 Rxc7 32. Rxc7 Ra6 33. Kb2 Kg7 34. c5 Kf6 35. Bb6 Ke6 36.
Kb3 Kd5 37. a4 f5 38. a5 Ra8 39. Kb4 e4 40. fxe4+ fxe4 41. Kb5 e3 42. Rd7+ Ke6 43. Rd1 Kf5 44. c6 Re8 45. Bxe3 Rxe3 46. Rf1+ Kg4 47.
Rxf8 Rb3+ 48. Kc4 Ra3 49. c7 Ra1 50. c8=Q+ Kh4 51. Qh3# 1-0

[Event "*** Titled Tuesday Blitz"]
[Site "Chess.com"]
[Date "2021.03.02"]
[Round "2"]
[White "Grandmaster1369"]
[Black "Kapibara_Warri0r"]
[Result "1-0"]
[WhiteElo "2426"]
[BlackElo "2203"]
[TimeControl "180+1"]
[EndTime "10:18:29 PST"]
[Termination "Grandmaster1369 won on time"]

1. e4 c5 2. Nf3 d6 3. Bb5+ Bd7 4.
Bxd7+ Qxd7 5. O-O g6 6. Qe2 Bg7 7. Rd1 Nc6 8. c3 h5 9. d4 cxd4 10. cxd4 Nh6 11. Nc3 O-O 12. Bf4 Ng4 13. h3 Nf6 14. Rac1 Rac8 15. d5 Nb8 16. e5 dxe5 17.
Nxe5 Qf5 18. Bh2 Nbd7 19. Nf3 Rfe8 20. Qe3 Nb6 21. Nd4 Qd7 22. Nde2 Rcd8 23. Nf4 Nc4 24.
Qe2 Nd6 25. Nd3 b6 26. Ne5 Qb7 27. Nc6 Rd7 28. b4 Nf5 29. b5 e6 30. dxe6 Rxd1+ 31. Rxd1 Rxe6 32. Qd3 Qc8 33. a4 Kh7 34. Nd5 Nxd5 35.
Qxd5 Qe8 36. Qd2 Re4 37. Bb8 Rxa4 38. Qc2 Re4 39. Rd8 Re1+ 40. Kh2 Qe6 41. Qd2 Ra1 42. Rd3 Qf6 43. Rf3 Qe6 44. Nd8 Be5+ 45. g3 Qe7 46. Nc6 1-0

[Event "*** Titled Tuesday Blitz"]
[Site "Chess.com"]
[Date "2021.03.02"]
[Round "2"]
[White "Manukyan_Artak"]
[Black "ZiggyStardust64"]
[Result "0-1"]
[WhiteElo "2328"]
[BlackElo "2627"]
[TimeControl "180+1"]
[EndTime "10:18:30 PST"]
[Termination "ZiggyStardust64 won by resignation"]

1. e4 c6 2. d4 d5 3. e5 c5 4. c4 Nc6 5. dxc5 e6 6. cxd5 exd5 7. Nc3 Be6 8. Nf3 Bxc5 9. Bd3 Nge7 10. O-O Ng6 11.
Bg5 Be7 12. Bxe7 Ncxe7 13. Nb5 O-O 14. Nd6 Nxe5 15. Nxe5 Qxd6 16. Re1 h6 17. Qf3 Nc6 18. Nxc6 bxc6 19. Rad1 Rab8 20. b3 a5 21. Bc2 Rfe8 22. h4 g6 23. h5 Kg7 24. hxg6 fxg6 25. Qc3+ Kf7 26. Qf3+ Kg7 27. Qc3+ Kf7 28. Qf3+ Ke7 29. Bxg6 Rf8 30. Qh3 Kd7 31. Qxh6 Kc7 32. Qg7+ Kb6 33. Qd4+ c5 34. Qe3 Rf6 35. Bd3 Rh8 36. Qg3 Qxg3 37. fxg3 Rg8 38. Re3 d4 39. Rf3 Rfg6 40. Re1 Rh6 41.
Kf2 Bg4 42. Rf4 Bd7 43. Re5 a4 44. bxa4 Rc8 45. Rfe4 c4 46. Be2 d3 47. Bf3 Rf6 48. Rd4 Bc6 49. Rb5+ Bxb5 50. axb5 c3 51. Rd5 c2 52. g4 c1=Q 53. g5 Qd2+ 54. Kg3 Qf4+ 55. Kf2 Rd6 56. Rxd6+ Qxd6 57. g6 d2 0-1

[Event "*** Titled Tuesday Blitz"]
[Site "Chess.com"]
[Date "2021.03.02"]
[Round "2"]
[White "night_player"]
[Black "Galileo22"]
[Result "0-1"]
[WhiteElo "2192"]
[BlackElo "2421"]
[TimeControl "180+1"]
[EndTime "10:18:31 PST"]
[Termination "Galileo22 won by resignation"]

1. e4 e6 2. d4 d5 3. exd5 exd5 4. Bd3 Nf6 5. Bg5 Be7 6. Nf3 Bg4 7. O-O O-O 8. Re1 Nbd7 9. Nbd2 Re8 10. c3 Nh5 11. Bxe7 Rxe7 12. Qc2 h6 13. Ne5 Nxe5 14. dxe5 Nf4 15.
Bf5 Bxf5 16. Qxf5 Ne6 17. Rad1 Qe8 18. Nf3 Rd8 19. Rd3 Nc5 20. Rde3 c6 21. Nd4 Qd7 22. Rg3 Ne6 23. Qg4 g6 24. Nf5 h5 25.
Nxe7+ Qxe7 26. Qxh5 Ng7 27. Qg5 Re8 28. Qxe7 Rxe7 29.
Rge3 Ne6 30. g3 Kg7 31. Kg2 Rd7 32. f4 Nc5 33. R3e2 a5 34. Kf3 a4 35. Rd1 b5 36.
Red2 Rb7 37. Rd4 Ne6 38. R4d2 Nc5 39. g4 b4 40. c4 dxc4 41. Rc2 Nd3 42. Rdd2 b3 43.
axb3 axb3 44. Rxc4 Nb4 45. Rd3 Nxd3 46. Rxc6 Nxb2 47. f5 gxf5 48. gxf5 Nd3 49. Ke4 b2 50. f6+ Kg6 51. Rc8 b1=Q 52. Rg8+ Kh7 53. Rg7+ Kh6 54. e6 Nc5+ 55. Kd5 Qe4+ 56. Kxc5 Qe5+ 57. Kc6 Qc7+ 58. Kd5 fxe6+ 59. Kxe6 Qc6+ 60. Kf5 Rb5+ 0-1

[Event "*** Titled Tuesday Blitz"]
[Site "Chess.com"]
[Date "2021.03.02"]
[Round "2"]
[White "djano"]
[Black "Supernotar"]
[Result "0-1"]
[WhiteElo "2475"]
[BlackElo "2679"]
[TimeControl "180+1"]
[EndTime "10:18:32 PST"]
[Termination "Supernotar won on time"]

1. e4 c6 2. Qe2 d5 3. d3 dxe4 4. dxe4 e5 5. Nf3 Qc7 6. g3 Bc5 7. Bg2 Nf6 8. O-O Bg4 9. h3 Bh5 10. Nbd2 O-O 11. Nb3 Bb6 12. a4 a5 13. Be3 Bxe3 14. Qxe3 Bxf3 15. Bxf3 Nbd7 16. Bg2 Rfd8 17. Nd2 Nf8 18. Nc4 Ne6 19. c3 b5 20. Na3 Rab8 21. Rad1 Nd7 22. axb5 cxb5 23. Rd5 b4 24. Nb5 Qc6 25.
Nd6 Nb6 26. Nf5 Qc7 27. Rxd8+ Rxd8 28. Ra1 Nc4 29. Qe2 bxc3 30. bxc3 g6 31. Ne3 Nxe3 32. Qxe3 Nc5 33. Bf1 Nb3 34. Ra3 Nd2 35. Be2 Kg7 36.
Ra2 Nb3 37. Ra3 Nc5 38. Bc4 Rd1+ 39. Kg2 a4 40. Bd5 Rb1 41. c4 Rb3 42. Qc1 Qb6 43.
Ra2 h6 44. Qa1 Qf6 45. Qd1 a3 46. Rd2 h5 47. Qa1 Qf3+ 48. Kh2 Rc3 49. Qd1 h4 0-1

[Event "*** Titled Tuesday Blitz"]
[Site "Chess.com"]
[Date "2021.03.02"]
[Round "2"]
[White "Schack-Hugo"]
[Black "Moultino06"]
[Result "1-0"]
[WhiteElo "2233"]
[BlackElo "2417"]
[TimeControl "180+1"]
[EndTime "10:18:32 PST"]
[Termination "Schack-Hugo won by checkmate"]

1. e4 e6 2. d4 d5 3. Nd2 Nc6 4. Ngf3 Nf6 5. e5 Nd7 6. c3 f6 7. Nh4 g6 8. exf6 Qxf6 9. Ndf3 Bd6 10. Bh6 Bf4 11. Bxf4 Qxf4 12. Bd3 Qf6 13. O-O O-O 14.
Qd2 Qf4 15. Qxf4 Rxf4 16. g3 Rf6 17. Rfe1 Nb6 18. Ne5 Nxe5 19. Rxe5 c5 20. f4 cxd4 21.
cxd4 Bd7 22. b3 Rc8 23. Rae1 Kf7 24. Nf3 h6 25. R5e3 a6 26. Ne5+ Ke7 27. Nxd7 Kxd7 28.
Bb1 Rc6 29. h4 Rf8 30. Kf2 Rfc8 31. Bxg6 Kd6 32. Bf7 Rf8 33. Bxe6 Nd7 34. Bh3 Nf6 35. Re6+ Kc7 36. Re7+ Kb6 37. R7e6 Ne4+ 38. Kg2 Rxe6 39. Bxe6 Rf6 40. Bxd5 Nc3 41. Re6+ Rxe6 42. Bxe6 Nxa2 43. Kf3 Nc1 44. Ke4 Ne2 45. g4 Kc7 46. g5 hxg5 47.
hxg5 Kd6 48. Bc4 Nc3+ 49. Kd3 Nb5 50. Bxb5 axb5 51. b4 Ke6 52. Ke4 b6 53. f5+ Kd6 54. d5 Kd7 55. Ke5 Ke7 56. g6 Kd7 57. f6 Ke8 58.
Ke6 Kf8 59. d6 Ke8 60. g7 Kd8 61. g8=Q# 1-0

[Event "*** Titled Tuesday Blitz"]
[Site "Chess.com"]
[Date "2021.03.02"]
[Round "2"]
[White "A-S-00"]
[Black "tgpgoat"]
[Result "1-0"]
[WhiteElo "2394"]
[BlackElo "2099"]
[TimeControl "180+1"]
[EndTime "10:18:32 PST"]
[Termination "A-S-00 won by resignation"]

1. d4 Nf6 2. c4 c5 3. d5 b5 4. cxb5 a6 5. bxa6 Bxa6 6. Nc3 g6 7. g3 Bg7 8. Bg2 d6 9. Nf3 O-O 10. h3 Nbd7 11. O-O Ne8 12. Re1 Nc7 13. Rb1 Nb5 14. Bd2 Nxc3 15. Bxc3 Bxc3 16. bxc3 Bc4 17. a4 Qa5 18.
Qd2 Qxa4 19. Qh6 Nf6 20. Ng5 Qc2 21. h4 Ra2 22. h5 Bxe2 23. hxg6 Qxg6 24. Qh4 Qc2 25.
Be4 Bd3 26. Qh2 Bxe4 27. Rbc1 Qd3 28. Rcd1 Rd2 29. Rxd2 Qxd2 30. Rxe4 Qd1+ 31. Kg2 Qxd5 32. Qh4 Ra8 33. Kh3 Qf5+ 34. g4 Qf3+ 35. Nxf3 Nxe4 36.
g5 d5 37. Qf4 Ra3 38. Qb8+ Kg7 39. Qe5+ Kg8 40. Qxd5 Nxc3 41. Qd8+ Kg7 42. Qxe7 Nd5 43. Qe5+ f6 44. Qxd5 Ra6 45. Qb7+ 1-0

[Event "*** Titled Tuesday Blitz"]
[Site "Chess.com"]
[Date "2021.03.02"]
[Round "2"]
[White "GM_Crest"]
[Black "GM_LOADING"]
[Result "0-1"]
[WhiteElo "2766"]
[BlackElo "2532"]
[TimeControl "180+1"]
[EndTime "10:18:33 PST"]
[Termination "GM_LOADING won on time"]

1. d4 Nf6 2. c4 e6 3. Nc3 Bb4 4. e3 O-O 5. Ne2 c6 6. Bd2 d5 7. Ng3 Nbd7 8. Rc1 Re8 9. Be2 dxc4 10. Bxc4 e5 11. Nce2 Bxd2+ 12. Qxd2 exd4 13. Nxd4 Ne5 14. Bb3 h5 15. h3 h4 16. Nge2 c5 17. f4 Ne4 18.
Qc2 cxd4 19. Qxe4 Nc6 20. Qd5 Qf6 21. e4 Be6 22. Qg5 Qxg5 23. fxg5 Bxb3 24. axb3 Rxe4 25. Kf2 Rae8 26. Ng1 Nb4 27. Rd1 d3 28. Nf3 Re2+ 29.
Kg1 Rxb2 30. Nxh4 Re4 31. Nf3 Ree2 32. Rh2 a5 33. g4 Rxh2 34. Nxh2 Rxb3 35. Nf3 a4 36.
Re1 a3 37. g6 fxg6 38. Ng5 Kf8 39. Nh7+ Kf7 40. Ng5+ Kf6 41. Nh7+ Kf7 42. Ng5+ Kf8 43. Nh7+ Kg8 44. Ng5 Rb1 45. Rxb1 d2 46. Kf1 a2 47. Rd1 Nc2 48. Ke2 a1=Q 49. Rb1 Qxb1 0-1

[Event "*** Titled Tuesday Blitz"]
[Site "Chess.com"]
[Date "2021.03.02"]
[Round "2"]
[White "maheswaran26"]
[Black "JQuiroga18"]
[Result "1-0"]
[WhiteElo "2260"]
[BlackElo "2430"]
[TimeControl "180+1"]
[EndTime "10:18:33 PST"]
[Termination "maheswaran26 won by checkmate"]

1. d4 Nf6 2. Nf3 e6 3. c4 d5 4. g3 Be7 5. Bg2 O-O 6. O-O dxc4 7. Qc2 a6 8. a4 c5 9. dxc5 Bxc5 10. Qxc4 Qe7 11. Bg5 Nbd7 12. Nc3 h6 13. Bxf6 Nxf6 14. Ne5 Rb8 15. a5 Bb4 16. Rfd1 Qc5 17. Qxc5 Bxc5 18.
Ra4 b5 19. axb6 Rxb6 20. Rc4 Bd6 21. Nc6 Nd5 22. Bxd5 exd5 23. Nxd5 Rb7 24. Nf6+ gxf6 25. Rxd6 Be6 26. Rc2 Kg7 27. f4 Rc8 28. Nd4 Rxc2 29.
Nxc2 Rxb2 30. Nd4 Bh3 31. Kf2 a5 32. Ra6 Rb1 33. Rxa5 Rh1 34. Nf3 h5 35. Rxh5 Bg4 36. Rh4 f5 37. Ng1 Rxg1 38. Kxg1 Bxe2 39. Kf2 Bd3 40.
Ke3 Be4 41. h3 Bb1 42. g4 fxg4 43. hxg4 Bc2 44. Rh2 Bb3 45. f5 f6 46. Kf4 Bd5 47.
Rb2 Bc4 48. Rb7+ Kf8 49. g5 fxg5+ 50. Kxg5 Bf7 51. Kf6 Be8 52. Rb8 Kg8 53. Rxe8+ Kh7 54. Rf8 Kh6 55. Rh8# 1-0

[Event "*** Titled Tuesday Blitz"]
[Site "Chess.com"]
[Date "2021.03.02"]
[Round "2"]
[White "politeplayer"]
[Black "DvaHrasta"]
[Result "1-0"]
[WhiteElo "2233"]
[BlackElo "2420"]
[TimeControl "180+1"]
[EndTime "10:18:33 PST"]
[Termination "politeplayer won on time"]

1. e4 c6 2. d4 d5 3. exd5 cxd5 4. c4 Nf6 5. Nc3 Nc6 6. Nf3 Bg4 7. cxd5 Nxd5 8. Bb5 Bxf3 9. Qxf3 e6 10. Bxc6+ bxc6 11. O-O Be7 12. Be3 O-O 13. Ne4 a5 14. Rfc1 Qb6 15.
b3 a4 16. bxa4 Rxa4 17. h3 Rfa8 18. Rab1 Qa6 19. Bg5 f6 20. Be3 Rxa2 21. Nc5 Bxc5 22. Rxc5 Ra1 23. Rxa1 Qxa1+ 24. Rc1 Qa4 25. Qg4 Re8 26.
Bh6 g6 27. Re1 Kf7 28. Qh4 e5 29. Bd2 h5 30. Qg3 Qxd4 31. Bh6 c5 32. Rb1 Re7 33. Rb8 Qd1+ 34. Kh2 Qd4 35. Rf8+ Ke6 36. Qxg6 Qxf2 37. Qg8+ Kf5 38. Ra8 Ke4 39. Qg6+ Kd4 40. Ra4+ c4 41.
Qb1 Qe2 42. Qc1 Ke4 43. Rxc4+ Kf5 44. Qb1+ Ke6 45. Rc6+ Kf7 46. Ra6 Qe4 47. Qxe4 1-0

[Event "*** Titled Tuesday Blitz"]
[Site "Chess.com"]
[Date "2021.03.02"]
[Round "2"]
[White "CrushingKings"]
[Black "bylavochka"]
[Result "0-1"]
[WhiteElo "2398"]
[BlackElo "2178"]
[TimeControl "180+1"]
[EndTime "10:18:33 PST"]
[Termination "bylavochka won by checkmate"]

1. e4 c5 2. d4 cxd4 3. c3 Nf6 4. e5 Nd5 5. Nf3 Nc6 6. Bc4 Nb6 7. Bb3 d5 8. exd6 Qxd6 9. O-O g6 10. Ng5 e6 11.
Na3 a6 12. Ne4 Qe5 13. Qf3 Be7 14. Bf4 Qf5 15. Ng3 Qf6 16. Ne4 Qf5 17. Bc2 Qh5 18. Qg3 O-O 19. Rad1 e5 20. Bc1 Bf5 21. Rfe1 f6 22.
cxd4 Nxd4 23. Rxd4 exd4 24. Rd1 Rac8 25. Bb3+ Kh8 26.
Qf4 Qe2 27. Ng3 Qe5 28. Nxf5 gxf5 29. Qf3 Qe4 30. Qg3 Qe5 31. Qh4 Bxa3 32. bxa3 Nc4 33. Bf4 Qe2 34. Rf1 Ne5 35. Bd5 Qg4 36. Qxg4 fxg4 37.
Bf3 gxf3 38. gxf3 Nxf3+ 39. Kg2 Ne5 40. Kh3 Rg8 41. Bg3 Rg6 42. Kg2 h5 43. f4 Ng4 44.
f5 Ne3+ 45. Kf2 Nxf1 46. fxg6 Nxg3 47. Kxg3 Kg7 48. Kh4 Kxg6 49. h3 d3 50. a4 Rd8 51.
a5 d2 52. a4 d1=Q 53. Kg3 Rd3+ 54. Kf4 Qf1+ 55. Ke4 Qe2+ 56. Kf4 Rf3# 0-1

[Event "*** Titled Tuesday Blitz"]
[Site "Chess.com"]
[Date "2021.03.02"]
[Round "2"]
[White "Skat2704"]
[Black "Angry_Twin"]
[Result "0-1"]
[WhiteElo "2555"]
[BlackElo "2903"]
[TimeControl "180+1"]
[EndTime "10:18:34 PST"]
[Termination "Angry_Twin won by resignation"]

1. d4 Nf6 2. c4 e6 3. Nf3 d5 4. Nc3 c6 5. Bg5 h6 6. Bh4 dxc4 7. e4 g5 8. Bg3 b5 9. Be2 Bb7 10. O-O Nbd7 11. Qc2 a6 12. b3 cxb3 13. axb3 Bg7 14. Bd6 Bf8 15. Bg3 Be7 16. Rfd1 Qb6 17. Ne5 Nxe5 18.
Bxe5 O-O 19. h4 Nd7 20. Bg3 e5 21. hxg5 hxg5 22. dxe5 Nc5 23. Bg4 Ne6 24. Bf5 Nd4 25. Rxd4 Qxd4 26. Rd1 Qc5 27. Qe2 Kg7 28. Qf3 Rad8 29.
Rc1 Rh8 30. e6 Bf6 31. Na2 Qa3 32. e5 Be7 33. exf7 Qxa2 34. e6 Qb2 35. Qe3 Bf6 36. Rf1 Qd4 37. Qe2 Qc5 38. Bc7 Qxf5 39. Bxd8 Bxd8 40.
e7 Qxf7 41. exd8=Q Rxd8 42. Qe5+ Qf6 43. Qc7+ Kg6 44. Qxb7 Qd6 45. Qxa6 Rh8 46. g3 Qd5 47. f3 Qc5+ 48. Kg2 Qc2+ 49. Rf2 Rh2+ 50. Kxh2 Qxf2+ 51. Kh3 Qxf3 52. Qc8 Qf5+ 0-1

[Event "*** Titled Tuesday Blitz"]
[Site "Chess.com"]
[Date "2021.03.02"]
[Round "2"]
[White "agartha01"]
[Black "LionTheLeon_06"]
[Result "0-1"]
[WhiteElo "2494"]
[BlackElo "2713"]
[TimeControl "180+1"]
[EndTime "10:18:34 PST"]
[Termination "LionTheLeon_06 won by resignation"]

1. d4 Nf6 2. Bf4 b6 3. Nf3 Bb7 4. e3 d6 5. h3 g6 6. Nbd2 Bg7 7. c3 O-O 8. Be2 Nbd7 9. O-O Re8 10. Bh2 e5 11. dxe5 dxe5 12. Nc4 e4 13. Nd4 a6 14.
Bg4 Nc5 15. Be2 Nd3 16. Bxd3 exd3 17. Ne5 c5 18. Ndf3 Bxf3 19. Qxf3 Nd5 20. Qxf7+ Kh8 21. Nc6 Qg5 22. h4 Qh5 23. Rad1 c4 24. Qf3 Qxf3 25. gxf3 Rac8 26. Nd4 b5 27. Rc1 Bf6 28. Bg3 Kg7 29.
Rfd1 Kf7 30. a4 b4 31. e4 bxc3 32. bxc3 Nxc3 33. e5 Ne2+ 34. Nxe2 dxe2 35. Re1 Bxe5 36. Rxe2 Bf6 37. Rxe8 Kxe8 38. Kf1 c3 39. Ke2 Rc4 40. Kd3 Rxa4 41. Re1+ Kf7 42. f4 Ra2 43. Rd1 a5 44.
h5 Ke6 45. hxg6 hxg6 46. Re1+ Kf5 47. Rd1 a4 48. Rb1 Rd2+ 49. Ke3 a3 50. Rb5+ Ke6 51. Rb6+ Rd6 52. Rb3 a2 53. Ra3 c2 0-1

[Event "*** Titled Tuesday Blitz"]
[Site "Chess.com"]
[Date "2021.03.02"]
[Round "2"]
[White "Abund"]
[Black "JoliyRoger"]
[Result "1-0"]
[WhiteElo "2678"]
[BlackElo "2474"]
[TimeControl "180+1"]
[EndTime "10:18:34 PST"]
[Termination "Abund won by checkmate"]

1. e4 c6 2. d4 d5 3. e5 Bf5 4.
Nd2 e6 5. Nb3 Nd7 6. Nf3 Ne7 7.
Be2 Bg4 8. O-O Ng6 9. a4 a5 10. Ne1 Bxe2 11. Qxe2 Be7 12. f4 O-O 13. f5 exf5 14.
Rxf5 Nb6 15. Nd3 Qd7 16. Rf2 Nc4 17. Bd2 b6 18. Raf1 Rae8 19. Qh5 Nxd2 20. Rxd2 f6 21. Rdf2 fxe5 22. Nxe5 Nxe5 23. Qxe5 Rxf2 24. Rxf2 Bf6 25. Qf5 Qe7 26. g3 Qe3 27. c3 Qe1+ 28. Kg2 Qe7 29. Qf3 Qd6 30. Nc1 c5 31. Re2 Rf8 32. dxc5 bxc5 33.
Qe3 d4 34. cxd4 Bxd4 35. Qe4 Qd7 36. Nd3 Qxa4 37. Nxc5 Qd1 38. Ne6 Qg1+ 39. Kh3 Qf1+ 40. Kh4 Qf6+ 41. Kh3 Bxb2 42. Nxf8 Qh6+ 43. Kg2 Qf6 44.
Ne6 Qf2+ 45. Kxf2 Bd4+ 46. Kg2 Be5 47. Nf4 h6 48. Qd5+ Kh7 49. Qxe5 h5 50. Qe4+ Kh6 51.
Qg6# 1-0

[Event "*** Titled Tuesday Blitz"]
[Site "Chess.com"]
[Date "2021.03.02"]
[Round "2"]
[White "Nuvas"]
[Black "iturrizaga"]
[Result "0-1"]
[WhiteElo "2537"]
[BlackElo "2847"]
[TimeControl "180+1"]
[EndTime "10:18:35 PST"]
[Termination "iturrizaga won by resignation"]

1. d4 Nf6 2. c4 e6 3. Nc3 Bb4 4.
Qc2 c5 5. dxc5 O-O 6. Nf3 Bxc5 7. Bg5 Qb6 8. e3 Nc6 9. a3 Be7 10. Be2 a6 11. O-O h6 12. Bh4 d6 13. Rfd1 Qc7 14.
Rac1 Ne5 15. Nxe5 dxe5 16. Ne4 Nxe4 17. Bxe7 Re8 18. Bh4 f5 19. f3 Ng5 20. Bg3 Bd7 21.
Qc3 Nf7 22. f4 exf4 23. exf4 Bc6 24. Bh5 Red8 25. Qe3 Be4 26. c5 Rxd1+ 27. Rxd1 Rd8 28. Rd4 Kh7 29. b4 Rd5 30. Rxd5 exd5 31. Qd4 Nd8 32. Qe5 Qxe5 33. fxe5 g6 34. Be2 Kg7 35. a4 Kf7 36. b5 axb5 37. axb5 Ke6 38. h4 g5 39. hxg5 hxg5 40. Bh2 f4 41. Bg4+ Kxe5 42. g3 d4 43. gxf4+ gxf4 44. Kf2 d3 45. Bf3 Ne6 46. c6 bxc6 47. bxc6 Bxf3 48. c7 Nxc7 49. Kxf3 Nd5 50.
Bg1 Nc3 51. Bh2 Ne2 52. Kf2 Ke4 53.
Ke1 Ke3 54. Bxf4+ Nxf4 0-1

[Event "*** Titled Tuesday Blitz"]
[Site "Chess.com"]
[Date "2021.03.02"]
[Round "2"]
[White "BigAl"]
[Black "jposthuma"]
[Result "1-0"]
[WhiteElo "2521"]
[BlackElo "2730"]
[TimeControl "180+1"]
[EndTime "10:18:35 PST"]
[Termination "BigAl won by checkmate"]

1. Nf3 Nf6 2. g3 g6 3. Bg2 Bg7 4. O-O O-O 5. d3 d5 6. Nbd2 c5 7. e4 Nc6 8. c3 b6 9. Re1 e6 10. e5 Nd7 11. d4 b5 12. h4 Qb6 13. Nf1 b4 14. h5 Ba6 15. hxg6 hxg6 16. N1h2 bxc3 17. bxc3 cxd4 18. cxd4 Qb5 19. Bf1 Qb7 20. Bxa6 Qxa6 21. Ng4 Rfc8 22. Ng5 Nd8 23. Qf3 Qc4 24. Be3 Qd3 25. Qh1 Kf8 26. Nh7+ Ke8 27. Nhf6+ Bxf6 28. exf6 Nc6 29. Qh8+ Nf8 30. Rac1 Qf5 31. Nh6 Qf3 32. Qg7 Nd8 33. Ng8 Rab8 34. Bh6 Nd7 35. Ne7 Qxf6 36.
Qxf6 Nxf6 37. Nxc8 Ne4 38. Nxa7 Ra8 39. Nc6 Nb7 40. Nb4 Nbd6 41. Bf4 Nc4 42. Rxe4 dxe4 43. Rxc4 Ra4 44. Be3 f5 45. Bd2 Kf7 46. Rc6 Kf6 47. Ra6 Rxa6 48. Nxa6 g5 49. Bc3 f4 50. Nc5 Kf5 51. a4 e3 52. fxe3 fxe3 53. Kf1 Kg4 54. Be1 Kf3 55. a5 g4 56. a6 e5 57. a7 exd4 58. a8=Q# 1-0

[Event "*** Titled Tuesday Blitz"]
[Site "Chess.com"]
[Date "2021.03.02"]
[Round "2"]
[White "Nayemhaque22"]
[Black "GLeruste"]
[Result "0-1"]
[WhiteElo "2293"]
[BlackElo "2481"]
[TimeControl "180+1"]
[EndTime "10:18:36 PST"]
[Termination "GLeruste won on time"]

1. d4 c5 2. c3 Nf6 3. Nf3 d5 4. Bf4 cxd4 5. cxd4 Qb6 6. Nc3 Qxb2 7. Rc1 e6 8. Nxd5 Na6 9. Nxf6+ gxf6 10. e3 Bd7 11. Rc2 Qb6 12. Nd2 Bb4 13. Bd3 Bc6 14. O-O Rg8 15. Bg3 Bxd2 16. Rxd2 Nb4 17. Rb2 Qa5 18. Qd2 Qd5 19. e4 Qxd4 20. Rxb4 Qd7 21. Qc2 Rd8 22. Be2 Qe7 23. Rc4 e5 24. Bh4 Rg6 25. Rd1 Rxd1+ 26. Qxd1 Qe6 27. Bg3 f5 28. exf5 Qxf5 29. Bd3 e4 30.
Bc2 Qe6 31. Rd4 f5 32. Rd8+ Kf7 33. Qd2 e3 34. Qd1 e2 35. Qe1 f4 36. Rd2 fxg3 37.
Rxe2 gxh2+ 38. Kh1 Bxg2+ 39. Kxh2 Qd6+ 40. Kg1 Bf3+ 41. Kf1 Bxe2+ 42. Qxe2 Rf6 43. Qh5+ Kf8 44. Ba4 Qa6+ 45.
Bb5 Qd6 46. Qe8+ Kg7 47. Qe2 Qf4 0-1

[Event "*** Titled Tuesday Blitz"]
[Site "Chess.com"]
[Date "2021.03.02"]
[Round "2"]
[White "Majesth"]
[Black "ram1zan"]
[Result "0-1"]
[WhiteElo "2577"]
[BlackElo "2966"]
[TimeControl "180+1"]
[EndTime "10:18:38 PST"]
[Termination "ram1zan won on time"]

1. d4 d5 2. Bg5 c5 3. dxc5 Nf6 4. Nf3 Ne4 5. Bf4 Nc6 6. e3 e6 7. Nbd2 Nxc5 8. c4 Be7 9. cxd5 exd5 10. Be2 O-O 11. O-O Bf6 12. Qc2 Ne6 13. Bg3 d4 14. e4 Nb4 15. Qb3 a5 16. a3 d3 17.
axb4 dxe2 18. Rfe1 Nd4 19. Nxd4 Qxd4 20. Rxe2 Be6 21.
Qe3 axb4 22. Rxa8 Rxa8 23. e5 Ra1+ 24. Re1 Qxe3 25. fxe3 Rxe1+ 26. Bxe1 Bxe5 27. Ne4 Bxb2 28. Bxb4 f5 29. Nc5 Bd5 30. Nd3 Bf6 31. Kf2 Kf7 32. Nf4 Bc4 33. g3 g5 34. Ne2 Bxe2 35. Kxe2 Ke6 36.
Kd3 Kd5 37. Ba5 g4 38. Bb4 b5 39. Bd2 Be7 40. Bc3 b4 41. Bd4 b3 42. Bb2 Bd6 43.
Bc1 Be5 44. Ba3 b2 45. Kc2 Ke4 46. Bxb2 Bxb2 47. Kxb2 Kxe3 0-1

[Event "*** Titled Tuesday Blitz"]
[Site "Chess.com"]
[Date "2021.03.02"]
[Round "2"]
[White "Margency"]
[Black "SHIVACalypso"]
[Result "1-0"]
[WhiteElo "2684"]
[BlackElo "2338"]
[TimeControl "180+1"]
[EndTime "10:18:38 PST"]
[Termination "Margency won on time"]

1. e4 e6 2. d4 d5 3. Nc3 Nf6 4. Bg5 dxe4 5. Nxe4 Be7 6. Bxf6 gxf6 7. Nf3 f5 8. Nc3 a6 9. Qd3 b5 10. O-O-O Qd6 11.
Qe3 Nd7 12. d5 Nb6 13. dxe6 Qxe6 14. Qf4 Bd6 15. Qd4 O-O 16. Bd3 b4 17. Nb1 c5 18.
Qh4 Be7 19. Qg3+ Qg6 20. Ne5 Qxg3 21. hxg3 Be6 22. Nd2 Bf6 23. Ndc4 Nxc4 24. Nxc4 Bd4 25. f3 Bf2 26. Rh5 Kg7 27. Rdh1 h6 28. Rxh6 Bxc4 29. Rh7+ Kf6 30. Bxc4 Bxg3 31. R1h6+ Ke5 32. Rc6 Bf4+ 33. Kb1 Be3 34. c3 Rad8 35. Bxf7 Rd1+ 36. Kc2 Rd2+ 37. Kb3 bxc3 38. bxc3 Rxg2 39. Re6+ Kf4 40. Rh4+ Kxf3 41. Bh5+ Kg3 42. Rc4 f4 43. Rg6+ Kf2 44. Re4 Rb8+ 45.
Kc4 Rxg6 46. Bxg6 f3 47. Bh5 Kg2 48. Rxe3 f2 49. Be2 f1=Q 50. Bxf1+ Kxf1 51. Re6 a5 52. a4 1-0

[Event "*** Titled Tuesday Blitz"]
[Site "Chess.com"]
[Date "2021.03.02"]
[Round "2"]
[White "garicradomir"]
[Black "Chimpinha"]
[Result "1-0"]
[WhiteElo "2239"]
[BlackElo "2428"]
[TimeControl "180+1"]
[EndTime "10:18:38 PST"]
[Termination "garicradomir won by checkmate"]

1. e4 e6 2. d4 d5 3. Nc3 Nf6 4. Bg5 dxe4 5. Nxe4 Be7 6. Bxf6 gxf6 7. Nf3 f5 8. Nc3 a6 9. g3 b6 10. Bg2 Bb7 11.
O-O Qd6 12. Qe2 Nd7 13. Rad1 c6 14. Ne5 Nxe5 15. dxe5 Qc7 16. Qe3 h5 17. h4 Rd8 18.
Ne2 Rd7 19. Nf4 c5 20. Bf3 Rg8 21. Rxd7 Kxd7 22. Rd1+ Kc8 23. c4 Bxh4 24. Kh2 Bg5 25. Rd6 h4 26. Qb3 hxg3+ 27. fxg3 Bxf3 28. Qxf3 Qb7 29. Qxb7+ Kxb7 30. Rd7+ Kc6 31. Rxf7 Bxf4 32. gxf4 Rg4 33.
Re7 Rxf4 34. Rxe6+ Kc7 35. Kg3 Rxc4 36. Rf6 Rc2 37.
Rf7+ Kc6 38. Kf4 Rxb2 39. Kxf5 Rxa2 40. Rf6+ Kb5 41. e6 c4 42. e7 Rf2+ 43. Ke6 Re2+ 44. Kd6 Kb4 45. Re6 Rd2+ 46. Kc6 c3 47. e8=Q c2 48.
Qe7+ Kb3 49. Re3+ Kc4 50. Qe4+ Rd4 51. Qxc2+ Kb4 52. Rb3+ Ka4 53. Qa2# 1-0